 Dungeon Crawl Stone Soup version 0.28.0-45-g0d030f2227 (webtiles) character file.

Game seed: 865149006335607161

228246 Fartwhistle the Warrior (level 19, -23/247 HPs)
             Began as a Naga Transmuter on Apr 16, 2022.
             Was the Champion of Cheibriados.
             Annihilated by an ironbound frostheart (34 damage)
             ... led by a vault warden
             ... on level 2 of the Vaults on Apr 17, 2022.
             The game lasted 03:39:25 (41534 turns).

Fartwhistle the Warrior (Naga Transmuter)          Turns: 41534, Time: 03:39:25

Health: -23/247    AC: 32    Str: 30    XL:     19   Next: 41%
Magic:  31/34      EV: 18    Int: 34    God:    Cheibriados [******]
Gold:   2549       SH:  8    Dex: 27    Spells: 6/41 levels left

rFire   + . .      SeeInvis +     - Unarmed
rCold   . . .      Faith    +   F - +2 buckler
rNeg    + . .      Spirit   .   (armour currently unavailable)
rPois   ∞          Reflect  .   v - +2 helmet
rElec   +          Harm     .   r - +0 cloak
rCorr   .          Rampage  .   (gloves currently unavailable)
Will    ++...                   (no barding)
Stlth   ++........              w - amulet of faith
HPRegen 0.51/turn               e - ring of protection from fire
MPRegen 0.24/turn               L - ring of wizardry

@: statue-form, very slow
A: slow and powerful, torment resistance 1, boosted hp, AC +6, large, see
invisible, deformed body, poison resistance, (slowness 2), spit poison 1, naga
tail 2
}: 1/15 runes: gossamer
a: Spit Poison, End Transformation, Renounce Religion, Bend Time, Temporal
Distortion, Slouch, Step From Time


You were on level 2 of the Vaults.
You worshipped Cheibriados.
Cheibriados was exalted by your worship.
You were a living statue of rough stone.
You visited 7 branches of the dungeon, and saw 33 of its levels.
You visited the Abyss 1 time.
You also visited: Ice Cave.

You collected 4319 gold pieces.
You spent 1770 gold pieces at shops.

Inventory:

Missiles
 j - 3 throwing nets
Armour
 m - the +10 tower shield of Ignorance {rN+ Int-4}
   (You found it on level 15 of the Dungeon)

   Int:       It affects your intelligence (-4).
   rN:        It protects you from negative energy.
 r - a +0 cloak (worn)
 v - a +2 helmet (worn)
 D - a scarf of invisibility
 E - a +3 troll leather armour (melded)
 F - a +2 buckler (worn)
 Q - a +0 pair of gloves (melded)
 X - +2 fire dragon scales
Magical Staves
 A - a staff of cold
Jewellery
 a - a ring of positive energy
 e - a ring of protection from fire (left fist)
 w - an amulet of faith (around neck)
 y - a ring of protection from cold
 C - a ring of flight
 L - a ring of wizardry (right fist)
 P - a ring of willpower
 V - an amulet of reflection
Wands
 q - a wand of acid (11)
 t - a wand of iceblast (13)
 B - a wand of polymorph (12)
 K - a wand of mindburst (14)
 N - a wand of flame (8)
 O - a wand of charming (4)
Scrolls
 b - 6 scrolls of magic mapping
 c - 5 scrolls of immolation
 d - 5 scrolls of amnesia
 i - 7 scrolls of teleportation
 p - a scroll of enchant weapon
 s - 4 scrolls of vulnerability
 J - 3 scrolls of fog
 S - a scroll of summoning
 T - 11 scrolls of identify
 U - 2 scrolls of silence
 W - a scroll of fear
Potions
 f - 6 potions of haste
 g - 12 potions of ambrosia
 h - 6 potions of magic
 k - 3 potions of attraction
 l - a potion of mutation
 n - 9 potions of curing
 o - 3 potions of might
 u - 3 potions of berserk rage
 x - 3 potions of cancellation
 G - a potion of brilliance
 H - 7 potions of lignification
 M - 4 potions of resistance
 R - a potion of invisibility
 Z - a potion of flight


   Skills:
 + Level 16.6 Fighting
 - Level 3.4 Armour
 - Level 9.9 Dodging
 - Level 3.0 Shields
 - Level 15.4 Unarmed Combat
 - Level 11.6 Spellcasting
 - Level 1.0 Translocations
 - Level 14.6 Transmutations
 * Level 11.3 Ice Magic
 - Level 4.0 Earth Magic
 - Level 3.4 Poison Magic
 - Level 10.0 Invocations
 - Level 2.0 Evocations


You had 6 spell levels left.
You knew the following spells:

 Your Spells              Type           Power      Damage    Failure   Level
a - Beastly Appendage     Tmut           100%       N/A       0%          1
b - Spider Form           Tmut/Pois      69%        N/A       1%          3
c - Ice Form              Ice/Tmut       82%        N/A       1%          4
d - Blink                 Tloc           52%        N/A       1%          2
e - Passwall              Tmut/Erth      58%        N/A       1%          2
f - Stone Arrow           Conj/Erth      66%        3d11      1%          3
g - Statue Form           Tmut/Erth      46%        N/A       3%          6
h - Storm Form            Tmut/Air       31%        N/A       41%         7
i - Dragon Form           Tmut           44%        N/A       2%          7

Your spell library contained the following spells:

 Spells                   Type           Power      Damage    Failure   Level
 Wereblood                Tmut           88%        N/A       0%          2
 Animate Skeleton         Necr           38%        N/A       1%          1
 Apportation              Tloc           52%        N/A       1%          1
 Foxfire                  Conj/Fire      76%        2x1d7     1%          1
 Sandblast                Erth           94%        2d19      1%          1
 Summon Small Mammal      Summ           76%        N/A       1%          1
 Corpse Rot               Necr/Air       38%        N/A       1%          2
 Ozocubu's Armour         Ice            77%        N/A       1%          3
 Call Canine Familiar     Summ           19%        N/A       3%          3
 Conjure Flame            Conj/Fire      19%        6-21      3%          3
 Inner Flame              Hex/Fire       19%        N/A       3%          3
 Summon Guardian Golem    Hex/Summ       19%        N/A       3%          3
 Animate Armour           Summ/Erth      66%        N/A       4%          4
 Leda's Liquefaction      Hex/Erth       16%        N/A       4%          4
 Lee's Rapid Deconstruct  Erth           23%        3d14*     6%          5
 Freezing Cloud           Conj/Ice/Air   22%        6-21      7%          5
 Anguish                  Hex/Necr       9%         N/A       12%         4
 Cause Fear               Hex            9%         N/A       12%         4
 Dispel Undead            Necr           19%        3d11      12%         4
 Flame Wave               Conj/Fire      19%        2d6       12%         4
 Summon Lightning Spire   Summ/Air       19%        N/A       12%         4
 Simulacrum               Ice/Necr       27%        N/A       16%         6
 Manifold Assault         Tloc           26%        N/A       21%         5
 Fireball                 Conj/Fire      9%         3d6       30%         5
 Conjure Ball Lightning   Conj/Air       9%         3x3d6     83%         6
 Death Channel            Necr           9%         N/A       83%         6
 Starburst                Conj/Fire      9%         6d5       83%         6
 Ozocubu's Refrigeration  Ice            38%        4d12      9%          7
 Discord                  Hex            9%         N/A       100%        8
 Disjunction              Tloc           13%        N/A       100%        8
 Lehudib's Crystal Spear  Conj/Erth      16%        10d5      100%        8
 Maxwell's Capacitive Co  Air            9%         ∞         100%        8
 Dragon's Call            Summ           9%         N/A       100%        9
 Polar Vortex             Ice            38%        N/A       100%        9


Dungeon Overview and Level Annotations

Branches:
Dungeon (15/15)            Temple (1/1) D:5            Lair (6/6) D:8
 Shoals (2/4) Lair:3       Spider (4/4) Lair:4        Slime (0/5) Lair:6
    Orc (2/2) D:11            Elf (0/3) Orc:2        Vaults (3/5) D:14
 Depths (0/4) D:15          IceCv (visited)
  Crypt: Vaults:2-3

Altars:
Ashenzari
Cheibriados
Dithmenos
Elyvilon
Fedhas
Gozag
Hepliaklqana
Kikubaaqudgha
Makhleb
Nemelex Xobeh
Okawaru
Qazlal
Ru
Sif Muna
Trog
Uskayaw
Vehumet
Wu Jian
Xom
Yredelemnul
Zin
The Shining One
Jiyva

Shops:
D:2 ?   D:8 **   D:14 :   Orc:2 =*[(**   Shoals:2 =   Vaults:2 [?(

Portals:
Abyss: Lair:6

Annotations:
D:8 2 exclusions
D:9 exclusion: downstairs
D:12 1 runed translucent door, exclusion: door
D:14 Rupert
Lair:4 exclusion: oklob plant
Lair:6 2 transporters, shugdite's ghost, journeyman DrBe
Vaults:2 exclusion: obsidian statue


Innate Abilities, Weirdness & Mutations

You are a living statue of rough stone.
Your actions are slow, but your melee attacks are powerful.
You are resistant to unholy torment.
Your maximum health is greatly increased.
Your equipment is partially melded.
((Your serpentine skin is tough. (AC +6)))
You have supernaturally acute eyesight. (SInv)
Armour fits poorly on your strangely shaped body.
Your system is resistant to poisons. (rPois)
((You cover ground very slowly.))
You can spit poison.
You can use your snake-like lower body to constrict enemies.


Message History

The vault guard hits you but does no damage. x2
A yaktaur comes into view.
The vault guard hits you with a +0 great sword.
A boggart comes into view.
You block the vault guard's attack.
The ironbound frostheart closely misses you.
The yaktaur moves out of view.
The ice encasing you melts away.
The boggart gestures wildly while chanting.
The boggart flickers and vanishes for a moment.
The vault guard hits you but does no damage.
The ironbound frostheart closely misses you.
The ironbound convoker misses you. The vault guard completely misses you.
The ironbound frostheart touches you! The ironbound frostheart freezes you!!
* * * LOW HITPOINT WARNING * * *
There is a stone staircase leading up here.
The ironbound convoker barely misses you.
The boggart casts a spell.
The vault guard hits you but does no damage.
The ironbound frostheart touches you but does no damage.
The ironbound convoker completely misses you.
You climb upwards.
Level annotation: exclusion: obsidian statue
There is a stone staircase leading down here.
The flow of time bends around you.
Cheibriados rebukes the ironbound convoker.
The ironbound convoker seems to slow down.
Cheibriados rebukes the ironbound frostheart.
The ironbound frostheart seems to slow down.
Cheibriados rebukes the vault guard.
The vault guard seems to slow down.
The ironbound frostheart touches you!!
* * * LOW HITPOINT WARNING * * *
The ironbound frostheart freezes you!!
* * * LOW HITPOINT WARNING * * *
The ironbound convoker hits you but does no damage.
The vault guard completely misses you.
You feel much better. The ironbound frostheart touches you!!
* * * LOW HITPOINT WARNING * * *
The ironbound frostheart freezes you!!
You die...

# #≈≈∩≈≈...# #
#≈≈=≈≈...# #
##≈.≈....# ### #
#.......# ##.## #
###'########...##
#....^.##.....##
###
#......#.......#
..#
#......#....p..#
..#
#......'...8p..#
..#
#....[.#....p..#
..#
#....[.#.......#
..#
#......##.[...##
..#
#......###...##
###
###+#'######.##
.# #.....(..# ###
.# #.....((.# .#
#........#


You could see a vault guard (slow), an ironbound frostheart (strong, slow) and
an ironbound convoker (slow, catching breath).

Vanquished Creatures
  Arachne (Spider:3)
  A tentacled monstrosity (Abyss:2)
  2 tentacled starspawn (Abyss:3)
  Frances (Shoals:2)
  Donald (Shoals:1)
  5 ghost moths
  4 vault wardens
  3 emperor scorpions (Spider:4)
  A deep elf sorcerer (Vaults:2)
  4 orc warlords
  A balrug (Abyss:3)
  5 ironbound preservers
  A broodmother (Spider:4)
  3 very ugly things
  4 ironbound thunderhulks (Vaults:2)
  6 entropy weavers
  13 dire elephants
  Azrael (Spider:1)
  2 spark wasps
  2 fire dragons (D:14)
  2 merfolk impalers
  2 yaktaur captains (Vaults:2)
  4 ironbound frosthearts
  8 hydras
  2 catoblepae
  10 boulder beetles
  A rakshasa (D:14)
  A merfolk avatar (Shoals:1)
  8 vault guards
  A death knight (D:13)
  A radroach (Spider:1)
  4 two-headed ogres
  A tengu warrior (D:14)
  13 centaur warriors
  4 death yaks (Lair:6)
  4 orc high priests (Orc:2)
  8 pharaoh ants
  2 spectral death yaks (Lair:6)
  2 sun demons (Abyss:3)
  A fire crab (D:14)
  3 skeletal warriors
  4 sun moths
  A sea snake (Shoals:1)
  4 steelbarb worms
  19 deep trolls
  6 orb spiders
  A spectral anaconda (Lair:6)
  4 large abominations
  9 lindwurms
  An obsidian statue (Lair:6)
  3 necromancers (Lair:6)
  6 harpies (Shoals:1)
  4 ironbound convokers
  6 orc knights
  3 phantasmal warriors (D:13)
  21 ugly things
  15 wizards
  7 manticores
  4 orc sorcerers
  2 deep elf pyromancers
  19 wolf spiders
  6 cyclopes
  6 fauns (Shoals:1)
  16 elephants (Lair:6)
  A salamander (D:15)
  A salamander (shapeshifter) (D:14)
  4 moths of wrath
  2 water nymphs (Shoals:1)
  4 black mambas
  6 vault sentinels
  An orange demon (Abyss:2)
  A gargoyle (D:8)
  5 torpor snails (Spider:3)
  6 demonic crawlers
  4 cane toads
  3 rime drakes
  12 yaktaurs
  2 efreet
  5 komodo dragons
  A freezing wraith (D:15)
  A kobold demonologist (D:8)
  6 trolls
  An ancient zyme (Abyss:2)
  A queen bee (D:15)
  7 merfolk (Shoals:1)
  18 meliai
  A wind drake (Lair:3)
  35 tarantellas
  Grinder (D:3)
  A spectral elephant (Lair:6)
  4 dream sheep (Shoals:1)
  25 blink frogs
  29 slime creatures
  38 jumping spiders
  4 snapping turtles
  A meliai zombie (D:10)
  4 water elementals
  22 culicivoras
  4 wyverns
  5 wraiths
  2 shadows
  4 fire elementals (Spider:1)
  3 dire elephant simulacra (Lair:6)
  3 vampires
  5 basilisks
  27 yaks
  A redback (shapeshifter) (D:14)
  8 vampire mosquitoes
  54 redbacks
  3 steam dragons
  A neqoxec (Abyss:2)
  Menkaure (D:6)
  2 spectral cane toads (Lair:6)
  4 wargs
  2 hell hounds (Spider:1)
  3 acid dragons
  12 water moccasins
  Pargi (D:3)
  43 orc warriors
  2 sky beasts (D:6)
  A black bear (Lair:3)
  5 ogres
  2 ice beasts (D:5)
  2 elephant zombies (Lair:6)
  A necrophage (D:7)
  8 centaurs
  A boggart (shapeshifter) (D:14)
  A boggart (D:14)
  5 wolves
  A centaur (shapeshifter) (D:14)
  3 kobold brigands (D:9)
  Blork the orc (D:6)
  16 bullfrogs
  6 scorpions
  A water moccasin zombie (D:5)
  2 small abominations (Abyss:3)
  4 cane toad simulacra
  40 killer bees
  An elephant simulacrum (Lair:6)
  9 electric eels
  2 howler monkeys (D:4)
  4 centaur zombies
  A jelly (D:7)
  A centaur skeleton (D:7)
  5 hounds (D:8)
  20 orc priests
  An iguana (D:7)
  Jessica (D:3)
  36 orc wizards
  Natasha (twice) (D:3)
  A killer bee zombie (D:7)
  A hound skeleton (D:4)
  2 howler monkey zombies
  Robin (D:3)
  8 adders
  2 white imps
  An ufetubus (D:5)
  2 worms (D:2)
  5 dart slugs
  103 orcs
  6 bats
  7 endoplasms
  8 giant cockroaches
  21 goblins
  9 hobgoblins
  2 jackals (D:5)
  3 quokkas
  9 ball pythons
  5 frilled lizards
  15 kobolds
  8 rats
  A starspawn tentacle (Abyss:3)
1160 creatures vanquished.

Vanquished Creatures (others)
  A redback (Spider:4)
  An orc wizard (Orc:1)
  An adder (D:3)
  An orc (Orc:1)
  A goblin (D:3)
  A frilled lizard (D:3)
  16 fungi
  A lurking horror (Abyss:3)
  57 plants
  9 starspawn tentacles (Abyss:3)
  18 withered plants (Lair:6)
107 creatures vanquished.

Grand Total: 1267 creatures vanquished

Notes
Turn   | Place    | Note
-------+----------+-------------------------------------------
     0 | D:1      | Fartwhistle the Naga Transmuter began the quest for the
                  | Orb.
     0 | D:1      | Reached XP level 1. HP: 18/18 MP: 3/3
    80 | D:1      | Reached XP level 2. HP: 25/25 MP: 3/5
   450 | D:1      | Reached XP level 3. HP: 29/31 MP: 4/6
  1030 | D:1      | Found a faded altar of an unknown god.
  1764 | D:2      | Found Ogroycwewyl's Magic Scroll Boutique.
  1768 | D:2      | Bought a scroll of identify for 20 gold pieces
  1768 | D:2      | Bought a scroll of identify for 20 gold pieces
  1768 | D:2      | Bought a scroll of identify for 20 gold pieces
  1810 | D:2      | Reached XP level 4. HP: 34/38 MP: 7/7
  2390 | D:3      | Noticed Grinder
  2390 | D:3      | Noticed a centaur
  2398 | D:2      | Killed a centaur
  2399 | D:2      | Reached skill level 5 in Transmutations
  2399 | D:2      | Reached XP level 5. HP: 30/44 MP: 6/8
  2542 | D:2      | Learned a level 3 spell: Spider Form
  2851 | D:3      | Noticed Pargi
  2862 | D:3      | Killed Pargi
  2863 | D:3      | Reached skill level 2 in Fighting
  2863 | D:3      | Reached XP level 6. HP: 47/52 MP: 5/9
  2920 | D:3      | Found a shimmering altar of Xom.
  2933 | D:3      | Paralysed by Grinder for 2 turns
  2948 | D:3      | Killed Grinder
  2949 | D:3      | Reached XP level 7. HP: 34/61 MP: 7/10
  3304 | D:3      | Reached skill level 3 in Fighting
  3414 | D:3      | Noticed Natasha
  3423 | D:3      | Killed Natasha
  3462 | D:3      | Noticed Robin
  3558 | D:3      | Found a radiant altar of Vehumet.
  3571 | D:3      | Killed Robin
  3700 | D:3      | Found a hazy altar of Hepliaklqana.
  3748 | D:3      | Noticed Natasha
  3754 | D:3      | Killed Natasha
  3787 | D:3      | Noticed Jessica
  3804 | D:3      | Killed Jessica
  3951 | D:4      | Learned a level 4 spell: Ice Form
  4175 | D:4      | Identified the +6 hand axe "Wef Eruv" {flame, Int+3}
  4281 | D:4      | You fall into a shaft and drop 1 floor!
  4281 | D:5      | Entered Level 5 of the Dungeon
  4295 | D:5      | Reached skill level 1 in Ice Magic
  4987 | D:2      | Bought a scroll of blinking for 75 gold pieces
  5205 | D:4      | Reached XP level 8. HP: 62/69 MP: 12/12
  6018 | D:5      | Found a staircase to the Ecumenical Temple.
  6041 | Temple   | Entered the Ecumenical Temple
  6209 | D:5      | Learned a level 2 spell: Blink
  6512 | D:5      | Reached skill level 5 in Unarmed Combat
  7197 | D:6      | Noticed Menkaure
  7203 | D:6      | Killed Menkaure
  7385 | D:6      | Noticed Blork the orc
  7395 | D:6      | Killed Blork the orc
  7405 | D:6      | Reached skill level 4 in Fighting
  7887 | D:6      | Found a snail-covered altar of Cheibriados.
  7894 | D:6      | Became a worshipper of Cheibriados the Contemplative
  8425 | D:7      | Reached XP level 9. HP: 78/78 MP: 15/15
  9119 | D:7      | Reached skill level 1 in Translocations
  9122 | D:7      | Reached * piety under Cheibriados
  9399 | D:7      | Reached skill level 5 in Fighting
  9751 | D:8      | Found Oplar's General Store.
  9889 | D:8      | Noticed a gargoyle
  9904 | D:8      | HP: 2/97 [gargoyle/stone arrow (22)]
 10292 | D:8      | Reached skill level 5 in Spellcasting
 10297 | D:8      | Killed a gargoyle
 10548 | D:8      | Reached XP level 10. HP: 73/91 MP: 14/18
 10911 | D:8      | Learned a level 2 spell: Passwall
 10917 | D:8      | Found Zin's Purification Station.
 10926 | D:8      | Reached ** piety under Cheibriados
 10961 | D:8      | Found a glowing silver altar of Zin.
 11199 | D:9      | Noticed a kobold demonologist
 11248 | D:8      | Killed a kobold demonologist
 11249 | D:8      | Reached skill level 6 in Fighting
 11419 | D:9      | Found an opulent altar of Gozag.
 11472 | D:9      | Reached skill level 1 in Armour
 11869 | D:9      | Reached *** piety under Cheibriados
 12280 | D:10     | Entered Level 10 of the Dungeon
 12309 | D:10     | Noticed a two-headed ogre
 12309 | D:10     | Noticed a two-headed ogre
 12597 | D:10     | Reached skill level 1 in Evocations
 12683 | D:10     | Learned a level 3 spell: Stone Arrow
 12859 | D:10     | Reached XP level 11. HP: 85/99 MP: 20/20
 12969 | D:10     | Killed a two-headed ogre
 13114 | D:10     | Noticed a boulder beetle
 13144 | D:10     | Killed a boulder beetle
 13145 | D:10     | Reached skill level 7 in Fighting
 13345 | D:10     | Found a white marble altar of Elyvilon.
 13424 | D:10     | Killed a two-headed ogre
 14110 | D:11     | Found a staircase to the Orcish Mines.
 14391 | D:12     | Noticed a two-headed ogre
 14405 | D:12     | Killed a two-headed ogre
 14601 | D:12     | Noticed a deep elf pyromancer
 14617 | D:12     | Killed a deep elf pyromancer
 14782 | D:12     | Noticed a boulder beetle
 14977 | D:11     | HP: 2/123 [boulder beetle (22)]
 15146 | Orc:1    | Entered Level 1 of the Orcish Mines
 15146 | Orc:1    | Noticed an orc sorcerer
 15163 | D:11     | Reached skill level 8 in Fighting
 15334 | Orc:1    | Killed an orc sorcerer
 15338 | Orc:1    | Reached **** piety under Cheibriados
 15656 | Orc:1    | Noticed an orc warlord
 16053 | D:12     | Killed a titanic slime creature
 16054 | D:12     | Reached skill level 9 in Fighting
 16054 | D:12     | Reached XP level 12. HP: 78/114 MP: 23/23
 16161 | D:12     | Reached skill level 10 in Unarmed Combat
 16428 | D:13     | Found a frozen archway.
 16444 | IceCv    | Entered an ice cave
 16571 | IceCv    | Found a transporter.
 16588 | IceCv    | Found the +2 Maxwell's thermic engine {flame, freeze}
 16590 | IceCv    | Found a transporter.
 16602 | IceCv    | Learned a level 6 spell: Statue Form
 16656 | D:13     | Noticed a centaur warrior
 16664 | D:13     | Killed a centaur warrior
 16665 | D:13     | Reached skill level 1 in Earth Magic
 16935 | D:13     | Noticed a death knight
 16944 | D:13     | Killed a death knight
 16944 | D:13     | HP: 4/149 [phantasmal warrior[a death knight] (22)]
 17575 | D:13     | Reached skill level 1 in Invocations
 17604 | D:13     | Noticed a centaur warrior
 17609 | D:13     | Killed a centaur warrior
 17636 | D:13     | Cast into level 2 of the Abyss (a wizard)
 17636 | Abyss:2  | Found a corrupted altar of Lugonu.
 17760 | Abyss:2  | Noticed a tentacled monstrosity
 17771 | Abyss:2  | Killed a tentacled monstrosity
 17893 | Abyss:3  | Noticed a tentacled starspawn
 17900 | Abyss:3  | Killed a tentacled starspawn
 17905 | Abyss:3  | Noticed a great orb of eyes
 17907 | Abyss:3  | Noticed a shard shrike zombie
 17925 | Abyss:3  | Noticed a balrug
 17928 | Abyss:3  | Noticed a sun demon
 17934 | Abyss:3  | Killed a balrug
 17935 | Abyss:3  | Noticed a sun demon
 17936 | Abyss:3  | Killed a sun demon
 17937 | Abyss:3  | Noticed a sun demon
 17942 | Abyss:3  | Killed a sun demon
 17986 | Abyss:3  | Noticed a tentacled starspawn
 18114 | Abyss:3  | Noticed a tentacled starspawn
 18142 | Abyss:3  | Killed a tentacled starspawn
 18145 | D:13     | Escaped the Abyss
 18161 | D:13     | Reached skill level 10 in Transmutations
 18182 | D:13     | Reached skill level 10 in Fighting
 18344 | D:13     | Gained mutation: You can use your snake-like lower body to
                  | constrict enemies. [Naga growth]
 18344 | D:13     | Reached XP level 13. HP: 123/123 MP: 17/24
 18870 | D:12     | Found a runed translucent door.
 18873 | D:12     | Noticed a yaktaur captain
 19210 | D:8      | Found a staircase to the Lair.
 19215 | D:8      | Reached ***** piety under Cheibriados
 19294 | D:8      | Reached skill level 5 in Invocations
 19399 | Lair:1   | Entered Level 1 of the Lair of Beasts
 19758 | Lair:1   | Found a bloodstained altar of Trog.
 20782 | Lair:2   | Identified a scroll of acquirement
 20783 | Lair:2   | Acquired 648 gold pieces
 21090 | Lair:3   | Found a staircase to the Shoals.
 21095 | Lair:3   | Reached skill level 11 in Fighting
 21101 | Lair:3   | Found a transporter.
 21103 | Lair:3   | Found a transporter.
 21204 | Lair:3   | Identified the +1 plate armour of the Queen of Swords {+Inv
                  | Dex-5 SInv}
 21223 | Lair:3   | Identified the +1 ring mail of Dust Devil {Fly rF+ Dex+2}
 22176 | Lair:4   | Reached ****** piety under Cheibriados
 22234 | Lair:4   | Reached skill level 5 in Dodging
 22333 | Lair:4   | Found a hole to the Spider Nest.
 22826 | Lair:4   | Reached XP level 14. HP: 135/135 MP: 25/25
 23563 | Lair:5   | You fall into a shaft and drop 1 floor!
 23563 | Lair:6   | Entered Level 6 of the Lair of Beasts
 23959 | Lair:6   | Reached skill level 12 in Fighting
 24024 | Lair:6   | Found a viscous altar of Jiyva.
 24025 | Lair:6   | Found a staircase to the Slime Pits.
 24026 | Lair:6   | Noticed shugdite's ghost (journeyman DrBe)
 24028 | Lair:6   | Found a transporter.
 24127 | Lair:6   | Found a transporter.
 24127 | Lair:6   | Found a one-way gate to the infinite horrors of the Abyss.
 24277 | Lair:6   | Noticed a dire elephant
 24280 | Lair:6   | Noticed a dire elephant
 24282 | Lair:6   | Noticed a dire elephant
 24468 | Lair:6   | Noticed a dire elephant
 24474 | Lair:6   | Killed a dire elephant
 24548 | Lair:6   | Killed a dire elephant
 24552 | Lair:6   | Killed a dire elephant
 24558 | Lair:6   | Killed a dire elephant
 24685 | Lair:6   | Got the Collected Works on Evil Fire
 24925 | Lair:6   | Reached XP level 15. HP: 146/146 MP: 17/27
 25461 | Spider:1 | Entered Level 1 of the Spider Nest
 26095 | Spider:1 | Noticed Azrael
 26119 | Spider:1 | Killed Azrael
 26997 | Spider:2 | Noticed a ghost moth
 27000 | Spider:2 | Killed a ghost moth
 27572 | Spider:2 | Reached skill level 1 in Shields
 28230 | Spider:3 | Reached skill level 13 in Fighting
 28526 | Spider:3 | Noticed a ghost moth
 28528 | Spider:3 | Killed a ghost moth
 28698 | Spider:3 | Reached skill level 10 in Invocations
 28723 | Spider:3 | Identified the +0 leather armour of Dull Awe {Dex+5}
 28739 | Spider:3 | Reached XP level 16. HP: 156/156 MP: 25/29
 28744 | Spider:3 | Noticed Arachne
 28752 | Spider:3 | Killed Arachne
 29007 | Spider:3 | Reached skill level 10 in Spellcasting
 29736 | Spider:4 | Entered Level 4 of the Spider Nest
 31245 | Spider:4 | Reached XP level 17. HP: 165/165 MP: 3/31
 31247 | Spider:4 | Identified the +7 rapier "Xurosaull" {freeze, Fragile Str+3
                  | Int+4}
 31271 | Spider:4 | Got a gossamer rune of Zot
 31779 | Orc:1    | Reached skill level 14 in Fighting
 31944 | Orc:2    | Entered Level 2 of the Orcish Mines
 32576 | Orc:1    | Identified the +1 hand axe of Pacaimoo {freeze, rN+ Str+2}
 32874 | Orc:2    | Found Quecog's Specific Store.
 32877 | Orc:2    | Found Illov's General Store.
 33457 | Orc:2    | Found a staircase to the Elven Halls.
 33586 | Orc:2    | Found Witiwana's General Store.
 33587 | Orc:2    | Found Paodeqav's Jewellery Boutique.
 33588 | Orc:2    | Found Moer's Antique Armour Boutique.
 33588 | Orc:2    | Found Feqaax's Antique Weapon Shop.
 33593 | Orc:2    | Bought a runed helmet for 202 gold pieces
 33593 | Orc:2    | Bought a glowing tower shield for 202 gold pieces
 33593 | Orc:2    | Bought a shimmering scale mail for 243 gold pieces
 33593 | Orc:2    | Identified the +0 scale mail of Privacy {rElec rPois Str+3
                  | Int-5} (You bought it in a shop on level 2 of the Orcish
                  | Mines)
 33619 | Orc:2    | Bought a scroll of enchant armour for 120 gold pieces
 33907 | Shoals:1 | Entered Level 1 of the Shoals
 34373 | Shoals:1 | Learned a level 3 spell: Ozocubu's Armour
 34805 | Shoals:1 | Noticed Donald
 34815 | Shoals:1 | Killed Donald
 34958 | Shoals:2 | Noticed Frances
 34966 | Shoals:2 | Killed Frances
 35051 | Shoals:2 | Found Lumiqoas's Jewellery Boutique.
 35064 | Shoals:2 | HP: 1/218 [satyr/sling bullet (21)]
 35763 | D:14     | Learned a level 7 spell: Storm Form
 35771 | D:14     | Learned a level 7 spell: Dragon Form
 35848 | D:14     | Noticed Rupert
 36230 | D:14     | Reached skill level 15 in Unarmed Combat
 36230 | D:14     | Reached XP level 18. HP: 177/177 MP: 27/33
 36834 | D:14     | Found a gate to the Vaults.
 36907 | D:14     | Found Dupos's Book Shop.
 36913 | D:14     | Bought a book of Ice for 690 gold pieces
 37065 | D:14     | Reached skill level 15 in Fighting
 37489 | D:15     | Entered Level 15 of the Dungeon
 37968 | D:15     | Found a staircase to the Depths.
 37979 | D:15     | Reached skill level 5 in Ice Magic
 38145 | D:15     | Found the +10 tower shield of Ignorance {rN+ Int-4}
 38212 | Vaults:1 | Entered Level 1 of the Vaults
 39744 | Vaults:2 | Found Fenyvip's Armour Shop.
 40202 | Vaults:2 | Found Iwisaech's Antique Weapon Emporium.
 40331 | Vaults:2 | Found Piefyt's Magic Scroll Emporium.
 40338 | Vaults:2 | Bought a scroll of enchant armour for 127 gold pieces
 40338 | Vaults:2 | Bought a scroll of teleportation for 51 gold pieces
 40453 | Vaults:2 | Reached skill level 16 in Fighting
 40474 | Vaults:2 | Reached XP level 19. HP: 188/188 MP: 34/34
 40748 | Vaults:2 | Reached skill level 10 in Ice Magic
 41534 | Vaults:2 | HP: 11/247 [ironbound frostheart[a vault warden] (19)]
 41534 | Vaults:2 | Annihilated by an ironbound frostheart

Illustrated notes

Levels and vault maps discovered:
D:1:      nicolae_arrival_washed_ashore, layout_basic,
          shapermc_ecumenical_altar_mp_vishouse, kennysheep_doodads,
          minmay_pentomino_q4
D:2:      layout_basic, serial_shops, shop
D:3:      layout_rooms, nicolae_vehumet_radiance, lemuel_coloured_pillars_altar,
          xom_confusion_cloud, minivault_11, kennysheep_jessica_study,
          uniq_robin, uniq_natasha, uniq_jessica, uniq_grinder, uniq_pargi
D:4:      layout_loops_corners
D:5:      layout_loops_corners, minmay_temple_entry_hall,
          minmay_misc_feat_four_crosses
D:6:      layout_loops_ring, lemuel_round_altar, chequers_serial_rivers_micro_b,
          minivault_4, uniq_blork_the_orc, uniq_menkaure
D:7:      layout_loops_corners
D:8:      layout_rooms, zin_purify, erik_lair_island, serial_shops, shop,
          kennysheep_another_room
D:9:      layout_basic, grunt_gozag_breadcrumbs
D:10:     layout_basic, nicolae_elyvilon_temple_path, kennysheep_generic_room_4
D:11:     layout_long_grid, orc_0_dummy
D:12:     layout_roguey, wad_hexagon
D:13:     minmay_wizard_corner, layout_basic, portal_ice_cave_entry_pillars_2
D:14:     minmay_the_grid_triangle_9x9_recursive_3
          [minmay_the_grid_triangle_9x9_from_above,
          minmay_the_grid_triangle_9x9_warning,
          minmay_the_grid_triangle_9x9_thin_v,
          minmay_the_grid_triangle_9x9_prize_center,
          minmay_the_grid_triangle_9x9_intruding_spiral,
          minmay_the_grid_triangle_9x9_dagger,
          minmay_the_grid_triangle_9x9_cache,
          minmay_the_grid_triangle_9x9_odd_lines,
          minmay_the_grid_triangle_9x9_descending_squares], layout_basic,
          lightli_vaults_fourway_checkpoint, serial_shops, nicolae_square_shop,
          uniq_rupert
D:15:     hangedman_depths_entry_try_elsewhere_first, layout_rooms,
          minmay_misc_feat_diagonals, special_room [special_room_bee]
Temple:   regret_index_temple_waves
Lair:1:   layout_chaotic_city, basic_altar, minivault_25,
          chequers_serial_rivers_small_b, minivault_19
Lair:2:   layout_gridlike, infiniplex_staircase_pool_2
Lair:3:   gammafunk_boulding_lane, layout_regular_city,
          minmay_shoals_entry_beasts, nicolae_lair_lindhole,
          serial_bayou_shore_a, grunt_megastairs_2
Lair:4:   layout_regular_city, nicolae_spider_entry_non_spiders
Lair:5:   layout_big_grid
Lair:6:   due_jungle_book, layout_regular_city, slime_altar_1,
          gammafunk_ghost_abyssal_escape
Shoals:1: layout_shoals, uniq_donald
Shoals:2: layout_shoals, ebering_ghost_inner_flame, serial_shops,
          nicolae_shop_hallway_stairs, shop, nicolae_shop_statue_plus,
          nicolae_shoals_secluded_bog, uniq_frances
Spider:1: layout_cave_pods, uniq_azrael
Spider:2: layout_chambers, hangedman_spider_tarantella_strand
Spider:3: layout_spider_delve, nicolae_arachne_temple
Spider:4: grunt_spider_rune_parallel
Orc:1:    layout_caves, minmay_orc_treasury
Orc:2:    st_orc_congregation, layout_diamond_mine, nicolae_specific_store
Vaults:1: hangedman_vaults_unwind, hangedman_vaults_corner, v_misc_16,
          nicolae_vaults_little_squares_4, ontoclasm_vaults_gateway,
          vaults_dpeg_ring, layout_vaults_omnigrid
Vaults:2: v_rooms_5, grunt_vaults_diagonal, grunt_vaults_bifocal,
          vaults_room_boxed, nicolae_vaults_asterisk, vaults_room_door_hall,
          nicolae_vaults_statue_guard, vaults_mumra_hex,
          nicolae_vaults_alarming, ontoclasm_vaults_ring_small,
          layout_vaults_ring, serial_shops, nicolae_shop_waterfront,
          nicolae_shop_hallway_stairs, shop
Vaults:3: minmay_crypt_entry_nasty_monster, hangedman_vaults_nails,
          vaults_mumra_bighexcomb, grunt_vaults_hallway_long, v_misc_17,
          v_misc_8, ontoclasm_vaults_ring_small, vaults_room_grid,
          vaults_room_semicircle, layout_vaults_big_room, serial_shops,
          nicolae_shop_hallway_stairs, uniq_margery

Skill      XL: |  1  2  3  4  5  6  7  8  9 10 11 12 13 14 15 16 17 18 19 |
---------------+----------------------------------------------------------+-----
Transmutations | 3 4 5 6 7 8 10 11 12 13 14 | 14.6
Fighting       | 2 3 4 5 6 9 10 11 12 13 14 16 | 16.6
Poison Magic   | 2 3 |  3.4
Unarmed Combat | 4 5 6 7 9 10 11 12 13 15 | 15.4
Ice Magic      | 2 3 9 11 | 11.3
Spellcasting   | 4 5 6 7 8 9 10 11 | 11.6
Dodging        | 3 4 5 6 7 8 9 |  9.9
Translocations | 1 |  1.0
Armour         | 2 3 |  3.4
Evocations     | 1 2 |  2.0
Earth Magic    | 4 |  4.0
Invocations    | 4 7 8 10 | 10.0
Shields        | 2 3 |  3.0

Action                   |  1- 3 |  4- 6 |  7- 9 | 10-12 | 13-15 | 16-18 | 19-21 || total
-------------------------+-------+-------+-------+-------+-------+-------+-------++-------
Melee: Unarmed           |    80 |    62 |   380 |   500 |   601 |   898 |   125 ||  2646
       Headbutt          |     7 |     3 |     3 |     7 |       |       |       ||    20
       Punch             |     4 |       |     8 |    14 |    56 |       |       ||    82
       Constrict         |       |       |       |       |   161 |   221 |    24 ||   406
 Cast: Beastly Appendage |    13 |     4 |     4 |     7 |     1 |       |       ||    29
       Spider Form       |       |     2 |    18 |     1 |       |       |       ||    21
       Ice Form          |       |       |    18 |    44 |       |     1 |       ||    63
       Stone Arrow       |       |       |       |    10 |       |       |       ||    10
       Passwall          |       |       |       |     1 |     1 |       |       ||     2
       Blink             |       |       |       |     1 |       |       |       ||     1
       Statue Form       |       |       |       |    15 |    64 |   123 |    10 ||   212
Invok: Bend Time         |       |       |       |     3 |     2 |     2 |     2 ||     9
       Slouch            |       |       |       |     3 |     6 |    26 |       ||    35
       Step From Time    |       |       |       |       |       |     3 |       ||     3
       Temporal Distorti |       |       |       |       |       |     4 |       ||     4
 Abil: Spit Poison       |    24 |    18 |    19 |     2 |     8 |     4 |       ||    75
       End Transformatio |       |       |       |     2 |       |       |       ||     2
Evoke: Wand              |       |       |       |    16 |    10 |     5 |       ||    31
  Use: Scroll            |       |       |    11 |    24 |    10 |     8 |       ||    53
       Potion            |       |       |     1 |     4 |       |     4 |     1 ||    10
 Stab: Sleeping          |       |       |     1 |       |     2 |     1 |       ||     4
       Distracted        |       |       |       |       |       |     2 |       ||     2
Armor: Robe              |    18 |    17 |    26 |       |       |       |       ||    61
       Skin              |       |     1 |    38 |   175 |   494 |   797 |   122 ||  1627
       Troll leather arm |       |       |       |    30 |    30 |    17 |     2 ||    79
Dodge: Dodged            |    38 |    36 |   187 |   324 |   691 |  1183 |   167 ||  2626
Block: Buckler           |       |       |       |       |    54 |   664 |    80 ||   798
